Map: Port Aleksander LE

Players

Bly

  • Race: Zerg Zerg
  • Spawn Location: 11:00

Rail - Winner!

  • Race: Protoss Protoss
  • League: Grandmaster
  • Spawn Location: 5:00

Event: 2019 WCS Winter Europe

VOD

Have the link to the VOD?

Description

Time

  • Played on: Jan. 31, 2019, 12:56 p.m.
  • Length: 10:45

All games in this series

Show
View Real Time Build Order
Export as new Build Order

Bly Zerg 

Build Orders: Hatch First 

Get SALT Encoding   

  12  0:01  Drone  
  13  0:13  Overlord  
  13  0:21  Drone  
  14  0:32  Drone x2  
  16  0:46  Drone  
  17  0:55  Hatchery  
  16  1:06  Drone  
  17  1:19  Spawning Pool, Drone  
  17  1:21  Extractor  
  17  1:22  Drone  
  17  1:36  Drone x2  
  19  1:52  Hatchery  
  18  1:57  Drone  
  19  2:03  Evolution Chamber  
  19  2:06  Zergling x2  
  19  2:07  Zergling x2  
  21  2:10  Extractor, Queen  
  23  2:16  Overlord  
  23  2:22  Metabolic Boost  
  24  2:46  Zergling x6  
  27  2:51  Hatchery  
  25  3:02  Overlord  
  25  3:08  Drone  
  25  3:09  Queen  
  28  3:24  Drone x4  
  28  3:25  Drone  
  33  3:32  Drone x2  
  35  3:35  Drone  
  36  3:48  Drone x2  
  37  3:59  Drone  
  37  4:00  Hatchery, Drone  
  40  4:02  Drone  
  40  4:03  Drone x2  
  40  4:09  Drone  
  43  4:17  Overlord  
  43  4:24  Overlord  
  43  4:29  Overlord  
  43  4:31  Overlord  
  42  4:35  Queen x2  
  42  4:37  Roach Warren  
  45  4:44  Zergling x2  
  45  4:45  Zergling x12  
  52  4:59  Extractor  
  51  5:00  Overlord  
  51  5:04  Overlord  
  51  5:07  Overlord  
  51  5:18  Drone x4  
  55  5:23  Drone x6  
  61  5:32  Overlord  
  61  5:38  Overlord  
  61  5:44  Overlord x2  
  61  5:47  Overlord  
  61  5:52  Roach x7  
  71  6:09  Zergling x4  
  71  6:10  Zergling x10  
  76  6:19  Zergling x2  
  76  6:20  Zergling x14  
  76  6:21  Ravager x2  
  76  6:22  Ravager  
  87  6:29  Ravager x2  
  89  6:35  Zergling x12  
  95  6:47  Zergling x10  
  95  6:52  Ravager x2  
  102  6:55  Zergling x4  
  104  7:05  Queen  
  104  7:08  Drone x6  
  114  7:09  Lair  
  100  7:33  Zergling x16  
  101  7:39  Drone  
  98  7:57  Extractor  
  95  7:59  Extractor  
  91  8:09  Hatchery  
  91  8:10  Roach x8  
  101  8:22  Queen x3, Zergling x6  
  101  8:23  Glial Reconstitution  
  101  8:24  Extractor  
  106  8:32  Roach x4  
  97  8:44  Roach x6  
  109  8:54  Roach  
  109  8:55  Roach x2, Zergling x2  
  116  8:59  Hatchery  
  116  9:02  Roach  
  123  9:03  Roach x3  
  123  9:08  Ravager  
  123  9:26  Roach x10  
  136  9:44  Roach x7  
  114  9:51  Roach x2  
  74  10:01  Roach  
  74  10:02  Roach  
  62  10:08  Roach  
  59  10:15  Roach  
  59  10:16  Roach  
  59  10:20  Roach x4  
  52  10:31  Ravager x3  
  52  10:33  Ravager  
  52  10:34  Ravager  
Show
View Real Time Build Order
Export as new Build Order

Rail Protoss - Winner!

Build Orders: Archon Immortal 

Get SALT Encoding   

  12  0:00  Probe  
  13  0:12  Probe  
  14  0:18  Pylon  
  14  0:24  Probe  
  15  0:32  Probe  
  15  0:39  Gateway  
  15  0:40  Probe  
  17  0:51  Probe  
  17  0:53  Assimilator  
  18  0:59  Probe  
  19  1:07  Probe  
  19  1:14  Pylon  
  19  1:18  Probe  
  21  1:27  Zealot  
  23  1:34  Cybernetics Core  
  23  1:37  Probe  
  24  1:43  Assimilator  
  24  1:49  Probe  
  25  2:00  Adept  
  25  2:01  Probe  
  26  2:13  Probe  
  29  2:17  Pylon  
  29  2:21  Warp Gate  
  29  2:25  Probe  
  30  2:34  Pylon  
  32  2:48  Nexus  
  32  2:50  Adept  
  32  2:59  Probe  
  33  3:05  Robotics Facility  
  33  3:12  Pylon  
  33  3:16  Sentry  
  33  3:19  Probe  
  36  3:31  Probe  
  37  3:43  Probe, Gateway  
  38  3:51  Immortal  
  38  3:55  Probe  
  38  3:57  Probe  
  44  4:05  Probe  
  44  4:07  Probe  
  44  4:09  Sentry  
  48  4:14  Probe  
  48  4:20  Probe  
  50  4:25  Warp Prism  
  50  4:26  Probe  
  53  4:31  Pylon  
  53  4:32  Probe  
  54  4:38  Probe  
  54  4:41  Assimilator  
  54  4:44  Assimilator, Probe  
  56  4:48  Stalker  
  56  4:51  Probe  
  59  4:56  Probe  
  59  4:58  Twilight Council, Forge  
  60  5:02  Observer  
  60  5:03  Probe  
  62  5:08  Probe  
  63  5:15  Probe  
  63  5:16  Sentry  
  63  5:19  Pylon  
  63  5:20  Probe  
  67  5:23  Zealot  
  67  5:27  Probe, Pylon  
  70  5:31  Nexus  
  70  5:37  Protoss Ground Weapons Level 1, Probe  
  70  5:40  Immortal  
  75  5:45  Probe  
  75  5:49  Charge  
  76  5:54  Probe  
  77  6:01  Probe  
  79  6:12  Templar Archives  
  79  6:13  Immortal  
  79  6:16  Gateway x2  
  78  6:20  Gateway  
  78  6:25  Pylon  
  82  6:29  Gateway  
  82  6:35  Pylon  
  82  6:39  Gateway  
  82  6:44  Probe  
  82  6:47  Gateway  
  83  6:52  High Templar x2  
  87  7:03  Archon  
  87  7:07  Pylon  
  80  7:11  Zealot x2  
  80  7:12  Pylon  
  82  7:26  Zealot x4  
  68  7:37  Zealot x3  
  68  7:42  Immortal  
  72  7:50  Zealot, High Templar x2  
  72  7:51  Zealot  
  78  7:54  Zealot  
  78  7:55  Archon  
  78  7:58  Zealot x2, Sentry  
  83  8:12  Zealot x2  
  83  8:14  Photon Cannon  
  83  8:19  Zealot x2  
  87  8:22  High Templar x2  
  87  8:26  Archon  
  91  8:27  Zealot  
  85  8:49  High Templar x4, Pylon  
  85  8:50  Observer  
  85  8:51  Pylon  
  85  8:54  Pylon  
  85  8:55  Archon x2  
  93  8:56  Pylon  
  94  9:09  Zealot  
  96  9:10  Zealot  
  96  9:11  High Templar  
  100  9:20  High Templar  
  100  9:22  Zealot x3  
  108  9:25  Archon  
  80  9:46  Zealot x5  
  78  10:06  Zealot x4  
  78  10:07  Zealot x2  
  86  10:08  Zealot  
  72  10:29  Zealot x4, Sentry  
  72  10:30  Zealot x2  
Tags
 
Add a new tag
Caveats
  • Supply blocks, unpowered buildings, or Contaminate may cause inaccurate times.
  • Supply counts are checked every 10 seconds.